 Dungeon Crawl Stone Soup version 0.21-a0-94-gdd6ab6a (webtiles) character file.

1378 sagitran the Cudgeler (level 8, -2/64 HPs)
             Began as a Gnoll Wanderer on July 2, 2017.
             Killed by divine providence
             ... invoked by an orc priest
              (10 damage)
             ... on level 7 of the Dungeon on July 3, 2017.
             The game lasted 00:46:04 (6968 turns).

sagitran the Cudgeler (Gnoll Wanderer)              Turns: 6968, Time: 00:46:06

Health: -2/64      AC:  6    Str: 15    XL:     8   Next: 66%
Magic:  9/12       EV: 13    Int: 14    God:
Gold:   265        SH:  9    Dex: 10    Spells: 8/12 levels left

rFire    . . .     SeeInvis .   p - +2 whip (venom)
rCold    + . .     Gourm    .   s - +0 shield
rNeg     . . .     Faith    .   d - +2 robe {rC+}
rPois    .         Spirit   .   r - +0 helmet
rElec    .         Reflect  .   (no cloak)
rCorr    .         Harm     .   H - +0 pair of gloves
MR       +....                  (no boots)
Stlth    ++........             (no amulet)
HPRegen  0.20/turn              h - ring of protection from magic
MPRegen  0.13/turn              (no ring)

@: very slightly contaminated
A: short attention span, fangs 1, strong nose
a: no special abilities


You were on level 7 of the Dungeon.
You were not hungry.

You visited 2 branches of the dungeon, and saw 8 of its levels.

You collected 265 gold pieces.

Inventory:

Hand Weapons
 e - a +0 hunting sling
 l - a +3 dagger
 n - a +0 spear
 p - a +2 whip of venom (weapon)
 F - a +2 vampiric scimitar
Missiles
 o - 295 stones (quivered)
Armour
 d - a +2 robe of cold resistance (worn)
 r - a +0 helmet (worn)
 s - a +0 shield (worn)
 H - a +0 pair of gloves (worn)
Magical Staves
 i - an uncursed staff of death
 J - an uncursed staff of air
Jewellery
 h - a ring of protection from magic (left hand)
Scrolls
 f - a scroll of recharging {unknown}
 g - 5 scrolls of teleportation
 j - 4 scrolls of amnesia {unknown}
 q - a scroll of magic mapping {unknown}
 t - a scroll of immolation {unknown}
 u - a scroll of random uselessness {unknown}
 x - 3 scrolls of remove curse {unknown}
 y - 2 scrolls of noise {unknown}
 C - a scroll of enchant weapon {unknown}
Potions
 a - a potion of lignification
 z - a potion of heal wounds {unknown}
 A - a potion of cancellation
 B - 3 potions of mutation
 D - 2 potions of brilliance {unknown}
 E - 2 potions of flight
 G - a potion of might
 I - a potion of curing
Books
 b - the Compendium of Companions

   Spells                             Type                      Level
   a - Summon Butterflies             Summoning                    1
   b - Summon Guardian Golem          Hexes/Summoning              3
Comestibles
 k - 3 fruits
 v - a bread ration
 w - 2 meat rations


   Skills:
 + Level 6.0 Fighting
 + Level 7.3 Maces & Flails
 + Level 0.9 Polearms
 + Level 4.3(4.7) Slings
 + Level 2.6(3.8) Throwing
 + Level 6.3 Dodging
 + Level 4.4 Stealth
 + Level 6.0 Shields
 + Level 5.2 Unarmed Combat
 + Level 2.9 Spellcasting
 + Level 4.3 Summonings
   Level 1.7 Necromancy


You had 8 spell levels left.
You knew the following spells:

 Your Spells              Type           Power        Failure   Level  Hunger
a - Summon Butterflies    Summ           ##......     12%         1    #......
b - Summon Guardian Gole  Hex/Summ       #.......     63%         3    ###....


Dungeon Overview and Level Annotations

Branches:
Dungeon (7/15)             Temple (1/1) D:6

Altars:
Ashenzari
Cheibriados
Dithmenos
Elyvilon
Fedhas
Gozag
Hepliaklqana
Kikubaaqudgha
Makhleb
Nemelex Xobeh
Okawaru
Sif Muna
Trog
Vehumet
Wu Jian
Yredelemnul
Zin
The Shining One


Innate Abilities, Weirdness & Mutations

You have a short attention span.
You have very sharp teeth.
Your uncanny sense of smell can sniff out nearby items.


Message History

Press: ? - help, Dir - move target cursor
As you read the scroll of blinking, it crumbles to dust.
As you read the scroll of teleportation, it crumbles to dust.
You feel strangely unstable.
Your surroundings suddenly seem different.
The orc priest mumbles some strange prayers to Beogh against you.
Beogh smites you!
* * * LOW HITPOINT WARNING * * *
A leopard gecko and an orc come into view.
A killer bee comes into view.
The killer bee closely misses you.
The orc wizard completely misses your butterfly.
You whack the killer bee!
The killer bee is poisoned.
Your bite misses the killer bee.
The killer bee is severely wounded.
The killer bee stings you!
* * * LOW HITPOINT WARNING * * *
The orc priest calls down the wrath of Beogh upon you.
Beogh smites you!
You die...

## #.......# .# ## .#
#.#.....# .# #.#. ##
#.../..o.###.##....
.......o........l...
###.....boo##........
##$...bb.b#..#...#.
#.........o.......
##..$....#y###.#.
#......##@# #.#...#
#.....# ## # # ##.#
####### .#.## ##
#.... ∆ ...# ####


You could see a killer bee, an orc priest, an orc wizard and an orc.

Vanquished Creatures
  Prince Ribbit (D:5)
  An ice beast (D:7)
  An ogre (D:4)
  A phantom (D:4)
  A bullfrog (D:6)
  3 scorpions
  3 crimson imps
  2 hounds
  An orc wizard (D:3)
  A bullfrog skeleton (D:4)
  Jessica (D:3)
  2 worker ants
  Terence (D:2)
  A killer bee zombie (D:7)
  A statue (D:6)
  The ghost of vev the Sneak, a weakling MfAs (D:4)
  A hound zombie (D:6)
  A worker ant zombie (D:6)
  8 gnolls
  11 adders
  2 oozes
  An adder skeleton (D:4)
  5 worms
  3 dart slugs
  3 leopard geckos
  15 orcs
  7 bats
  10 giant cockroaches
  4 goblins
  7 hobgoblins
  5 jackals
  4 quokkas
  A ball python (D:4)
  7 frilled lizards
  8 kobolds
  3 rats
128 creatures vanquished.

Notes
Turn   | Place    | Note
-------+----------+-------------------------------------------
     0 | D:1      | sagitran the Gnoll Wanderer began the quest for the Orb.
     0 | D:1      | sagitran set off with: a +0 shield, the Compendium of Companions, a +0 robe, a +0 club, a bread ration
     0 | D:1      | Reached XP level 1. HP: 16/16 MP: 1/1
     0 | D:1      | Identified the Compendium of Companions
   347 | D:1      | Reached XP level 2. HP: 14/22 MP: 2/2
   519 | D:2      | Noticed Terence
   524 | D:2      | Killed Terence
   524 | D:2      | Reached XP level 3. HP: 24/27 MP: 3/3
   527 | D:2      | Learned a level 1 spell: Summon Butterflies
   759 | D:2      | Reached skill level 5 in Unarmed Combat
  1405 | D:2      | Reached XP level 4. HP: 32/33 MP: 4/4
  1519 | D:2      | Reached skill level 1 in Maces & Flails
  1914 | D:2      | Found a burning altar of Makhleb.
  1920 | D:2      | Reached XP level 5. HP: 30/39 MP: 5/5
  2018 | D:3      | Noticed Jessica
  2024 | D:3      | Killed Jessica
  2178 | D:3      | Learned a level 3 spell: Summon Guardian Golem
  2324 | D:3      | Reached skill level 2 in Maces & Flails
  2546 | D:3      | Reached XP level 6. HP: 42/47 MP: 7/7
  2853 | D:3      | Found a shadowy altar of Dithmenos.
  3025 | D:3      | Reached skill level 1 in Spellcasting
  3307 | D:5      | Entered Level 5 of the Dungeon
  3412 | D:4      | Noticed vev's ghost (weakling MfAs)
  3416 | D:4      | Reached skill level 3 in Maces & Flails
  3431 | D:4      | Killed vev's ghost
  3536 | D:4      | Reached XP level 7. HP: 15/54 MP: 9/9
  4126 | D:4      | Reached skill level 4 in Maces & Flails
  4478 | D:5      | Reached skill level 5 in Dodging
  4483 | D:5      | Reached skill level 5 in Maces & Flails
  4508 | D:5      | Found a hazy altar of Hepliaklqana.
  4603 | D:5      | Found a glowing golden altar of the Shining One.
  4605 | D:5      | Noticed an angel
  4780 | D:5      | Found a basalt altar of Yredelemnul.
  4782 | D:5      | Noticed a profane servitor
  4852 | D:5      | Noticed Prince Ribbit
  5437 | D:6      | Reached skill level 6 in Maces & Flails
  5458 | D:6      | Found a radiant altar of Vehumet.
  5592 | D:6      | Found a staircase to the Ecumenical Temple.
  5605 | D:6      | Reached skill level 5 in Shields
  5626 | D:6      | Reached XP level 8. HP: 45/61 MP: 11/11
  5631 | Temple   | Entered the Ecumenical Temple
  5881 | D:7      | Reached skill level 5 in Fighting
  6102 | D:5      | Killed Prince Ribbit
  6102 | D:5      | Reached skill level 7 in Maces & Flails
  6968 | D:7      | Killed from afar by an orc priest

Vault maps used:
D:1:      saegor_arrival_miasma
D:2:      makhleb_blood_cavern_becter, uniq_terence
D:3:      marbit_many_paths, uniq_jessica
D:4:      first_bread, dk_noncrumbling_4
D:5:      grunt_temple_overflow_holy_war, basic_altar, minmay_misc_feat_room,
          uniq_prince_ribbit1
D:6:      vehumet_statue, minmay_temple_entry_glass
D:7:      serial_shops, shop, grunt_livestock
Temple:   minmay_temple_bridge_abc

Skill      XL: |  1  2  3  4  5  6  7  8 |
---------------+-------------------------+-----
Fighting       | 2 3 4 6 |  6.0
Unarmed Combat | 4 5 |  5.2
Dodging        | 2 3 4 5 6 |  6.3
Stealth        | 2 3 4 |  4.4
Shields        | 2 3 4 5 6 |  6.0
Maces & Flails | 1 2 3 6 7 |  7.3
Slings         | 2 4 |  4.3
Spellcasting   | 1 2 |  2.9
Throwing       | 2 |  2.6
Summonings     | 4 |  4.3
Polearms       | |  0.9
Necromancy     | |  1.7

Action                   |  1- 3 |  4- 6 |  7- 9 || total
-------------------------+-------+-------+-------++-------
Melee: Unarmed           |    49 |       |       ||    49
       Club              |     4 |       |       ||     4
       Bite              |     8 |    17 |    17 ||    42
       Whip              |    21 |   152 |   208 ||   381
       Spear             |     6 |    17 |    17 ||    40
       Rapier            |       |     1 |       ||     1
 Fire: Hunting sling     |       |    42 |       ||    42
Throw: Stone             |     9 |    11 |     9 ||    29
 Cast: Summon Butterflie |     2 |     7 |    19 ||    28
  Use: Potion            |     1 |     7 |     2 ||    10
       Scroll            |     4 |     4 |     6 ||    14
 Stab: Sleeping          |     3 |     4 |     3 ||    10
  Eat: Bread ration      |     1 |       |     3 ||     4
       Fruit             |       |     4 |       ||     4
Armor: Robe              |    22 |    33 |    24 ||    79
       Skin              |       |       |     1 ||     1
Dodge: Dodged            |    45 |    79 |    73 ||   197
Block: Shield            |    31 |    85 |    93 ||   209
